AoeStats
← Denera

Golden Pit

510212121Analyzed
1v1 RM · 2d ago on Sep 30, 2026· 48m 16s· 2 players
Game mode
Random Map
Map size
Tiny (2 player)
Population
200
Speed
Normal
Resources
Standard
Victory
Conquest
Starting age
Dark Age
Ending age
Imperial Age
RankedLock teamsTeams togetherTeam positionsShared explorationLock speedFull tech treeHidden civsTurbo modeCheats
Victory
Defeat
🇧🇷 Hindustanis · Brazil
1465
+12
🇨🇱 Maya · Chile
1368
-12
Denera
4:47 Loom
9:14 Feudal Age
9:43 Double-Bit Axe
11:35 Horse Collar
18:58 Castle Age
17:17 Gold Mining
17:47 Town Watch
18:07 Stone Mining
19:51 Wheelbarrow
20:03 Bow Saw
21:02 Gold Shaft Mining
20:38 Heavy Plow
27:17 Scale Mail Armor
27:18 Squires
28:14 Chain Mail Armor
29:00 Fletching
31:35 Forging
33:31 Iron Casting
32:42 Arson
34:36 Hand Cart
35:18 Bodkin Arrow
36:20 Grand Trunk Road
45:02 Imperial Age
45:26 Stone Shaft Mining
46:45 Blast Furnace
46:46 Two-Man Saw
46:10 Conscription
47:14 Chemistry
46:14 Elite Ghulam
46:31 Siege Elephant
49:07 Ballistics
Deadlycross
0:30 Loom
10:59 Feudal Age
17:10 Castle Age
15:16 Horse Collar
15:31 Double-Bit Axe
16:29 Horse Collar
16:54 Gold Mining
19:04 Bow Saw
21:36 Heavy Plow
24:19 Fletching
27:16 Ballistics
29:30 Wheelbarrow
34:32 Imperial Age
32:25 Bodkin Arrow
35:26 Bracer
36:48 Chemistry
41:28 Elite Plumed Archer
42:12 Padded Archer Armor
Connection lost

Rejoining the realm…

Still unreachable

The connection could not be restored.

Session expired

The server has moved on; the page needs a fresh start.